 Dungeon Crawl Stone Soup version 0.21-a0-154-gb5400c9 (webtiles) character file.

64 Ikkuss the Magician (level 4, -1/29 HPs)
             Began as an Octopode Wizard on Aug 2, 2017.
             Slain by a gnoll
             ... wielding a +0 spear
              (4 damage)
             ... on level 2 of the Dungeon.
             The game lasted 00:07:35 (2401 turns).

Ikkuss the Magician (Octopode Wizard)               Turns: 2401, Time: 00:07:36

Health: -1/29      AC:  1    Str:  6    XL:     4   Next: 12%
Magic:  4/9        EV: 13    Int: 21    God:
Gold:   75         SH:  0    Dex: 14    Spells: 4/10 levels left

rFire    . . .     SeeInvis .   h - +1 whip
rCold    . . .     Gourm    .   (no shield)
rNeg     . . .     Faith    .   a - +0 hat
rPois    .         Spirit   .   (no amulet)
rElec    .         Reflect  .   f - +4 ring of dexterity
rCorr    .         Harm     .   (no ring)
MR       .....                  (no ring)
Stlth    +++.......             (no ring)
HPRegen  0.09/turn              (no ring)
MPRegen  0.11/turn              (no ring)
                                (no ring)
                                (no ring)

@: very slightly contaminated
A: almost no armour, stealthy swim, amphibious, 8 rings, constrict 8, camouflage
1, gelatinous body 1
a: no special abilities


You were on level 2 of the Dungeon.
You were hungry.

You visited 1 branch of the dungeon, and saw 3 of its levels.

You collected 75 gold pieces.

Inventory:

Hand Weapons
 h - a +1 whip (weapon)
Missiles
 j - a throwing net (quivered)
Armour
 a - a +0 hat (worn)
Jewellery
 f - a +4 ring of dexterity (left tentacle)
Scrolls
 k - 4 scrolls of remove curse
Potions
 d - a potion of heal wounds
 e - 2 potions of mutation {unknown}
 i - a potion of invisibility {unknown}
 l - a potion of degeneration {unknown}
 m - a potion of agility
 n - a potion of haste {unknown}
Books
 b - a book of Minor Magic

   Spells                             Type                      Level
   a - Magic Dart                     Conjuration                  1
   b - Blink                          Translocation                2
   c - Call Imp                       Summoning                    2
   d - Slow                           Hexes                        2
   e - Conjure Flame                  Conjuration/Fire             3
   f - Mephitic Cloud                 Conjuration/Poison/Air       3
Comestibles
 c - a bread ration
 g - a meat ration
 o - 4 chunks of flesh


   Skills:
 + Level 1.7 Fighting
 - Level 2.0 Dodging
 - Level 2.6 Stealth
 - Level 3.5 Spellcasting
 * Level 2.4 Conjurations
 * Level 1.1 Summonings
   Level 1.0 Translocations


You had 4 spell levels left.
You knew the following spells:

 Your Spells              Type           Power        Failure   Level  Hunger
a - Magic Dart            Conj           ##..         4%          1    None
b - Call Imp              Summ           #.......     12%         2    ##.....
c - Conjure Flame         Conj/Fire      #.......     22%         3    ###....


Dungeon Overview and Level Annotations

Branches:
Dungeon (3/15)

Altars:


Innate Abilities, Weirdness & Mutations

You cannot wear most types of armour.
You are very stealthy in the water. (Stealth+)
You are amphibious.
You can wear up to eight rings at the same time.
You can use your tentacles to constrict eight enemies at once.
Your skin changes colour to match your surroundings (Stealth+).
Your rubbery body absorbs attacks. (AC +1, EV +1)


Message History

The gnoll hits you with a spear! The gnoll barely misses you.
Your white imp closely misses the gnoll.
Casting: Call Imp
Confirm with . or Enter, or press ? or * to list all spells.
You miscast Call Imp.
You are very lightly contaminated with residual magic.
You feel a strange surge of energy! The gnoll closely misses you. x2
You are feeling hungry.
Your white imp closely misses the gnoll.
Your white imp barely misses the gnoll.
Your white imp barely misses the gnoll.
You see here a pair of boots.
Casting: Call Imp
Confirm with . or Enter, or press ? or * to list all spells.
A beastly little devil appears in a puff of frigid air.
The gnoll hits you with a flail!
* * * LOW HITPOINT WARNING * * *
The gnoll hits you from afar with a spear.
You die...

#.#.......#...#.##.##.#
#.#
#.#.###...#..##.##.##.#
#.#
###.#.........<>..##.##.##
#.#
#...........#..#.##......#
#(#
#.#.#####...#.5..##......#
#.# #...#
#........##......# ##.#
#####
###.##g#.##......###...
######...g...............#
#......##@#.##......######
#########.#.##......# #..
#....5#.##......# #.#
#####.#.######### #.#
#.### #######.# #.#
#........ #.# #########
###


You could see 2 gnolls and 2 friendly white imps.

Vanquished Creatures
  3 adders (D:2)
  2 dart slugs
  A leopard gecko (D:2)
  4 goblins
  5 hobgoblins
  5 kobolds
  A quokka (D:2)
  5 bats
  2 frilled lizards (D:1)
  5 rats
33 creatures vanquished.

Notes
Turn   | Place    | Note
-------+----------+-------------------------------------------
     0 | D:1      | Ikkuss the Octopode Wizard began the quest for the Orb.
     0 | D:1      | Reached XP level 1. HP: 11/11 MP: 4/4
   598 | D:1      | Reached XP level 2. HP: 18/18 MP: 4/6
  1111 | D:2      | Reached skill level 1 in Fighting
  1358 | D:2      | Reached XP level 3. HP: 23/23 MP: 0/7
  1464 | D:2      | Learned a level 2 spell: Call Imp
  1468 | D:2      | Learned a level 3 spell: Conjure Flame
  2075 | D:2      | Reached XP level 4. HP: 28/28 MP: 7/9
  2401 | D:2      | Slain by a gnoll

Vault maps used:
D:1:      tarquinn_simple_flora_water_e
D:2:      minivault_11
D:3:      uniq_crazy_yiuf_cottage

Skill      XL: |  1  2 |
---------------+-------+-----
Fighting       | 1 |  1.7
Conjurations   | 2 |  2.4
Dodging        | |  2.0
Stealth        | |  2.6
Spellcasting   | |  3.5
Summonings     | |  1.1
Translocations | |  1.0

Action                   |  1- 3 |  4- 6 || total
-------------------------+-------+-------++-------
Melee: Whip              |    21 |       ||    21
       Constrict         |     9 |       ||     9
       Unarmed           |     1 |       ||     1
       Tentacles         |     2 |       ||     2
 Cast: Magic Dart        |    71 |    12 ||    83
       Call Imp          |     3 |     2 ||     5
  Use: Scroll            |     5 |       ||     5
  Eat: Chunk             |     3 |     1 ||     4
Armor: Skin              |    12 |       ||    12
Dodge: Dodged            |    48 |     5 ||    53
